 Dungeon Crawl Stone Soup version 0.31-a0-968-g24f9ace8b5 (webtiles) character file.

Game seed: 14801805564599253999

123 olourkin the Covered (level 4, 0/43 HPs)
             Began as an Armataur Fighter on Oct 28, 2023.
             Slain by Terence
             ... wielding a +0 trident of flaming
              (3 damage)
             ... on level 3 of the Dungeon.
             The game lasted 00:13:04 (3080 turns).

olourkin the Covered (Armataur Fighter)             Turns: 3080, Time: 00:13:04

Health: 0/43       AC:  7    Str: 31    XL:     4   Next: 80%
Magic:  4/4        EV:  8    Int:  7    God:
Gold:   156        SH:  4    Dex:  7    Spells: 3/3 levels left

rFire   . . .        a - +0 long sword
rCold   . . .        c - +0 buckler
rNeg    . . .        d - +1 ring mail {Will+}
rPois   .            (no helmet)
rElec   .            (no cloak)
rCorr   .            (no gloves)
SInv    .            (no barding)
Will    +....        (no amulet) Stlth
                     (no ring)
HPRegen 0.27/turn    (no ring)
MPRegen 0.09/turn

%: roll
@: no status effects
A: large, rugged brown scales 3, deformed body, armoured tail, roll, long
tongue, awkward tongue, stinger 1, robust 1, strong 2, MP-powered wands
a: no special abilities


You were on level 3 of the Dungeon.
You visited 1 branch of the dungeon, and saw 4 of its levels.

You collected 156 gold pieces.

Inventory:

Hand Weapons
 a - a +0 long sword (weapon)
Missiles
 i - 19 stones (quivered)
 m - 4 boomerangs
Armour
 b - a +0 scale mail
 c - a +0 buckler (worn)
 d - a +1 ring mail of willpower (worn)
Talismans
 n - a flux talisman
Scrolls
 e - 2 scrolls of identify {unknown}
 f - 2 scrolls of revelation {unknown}
 g - a scroll of vulnerability {unknown}
 h - 2 scrolls of teleportation {unknown}
 j - 2 scrolls of immolation {unknown}
 k - a scroll of fog {unknown}
 o - a scroll of torment {unknown}


   Skills:
 - Level 2.7 Fighting
 * Level 3.4 Long Blades
 + Level 4.6 Armour
 + Level 4.1 Shields


You had 3 spell levels left.
You didn't know any spells.
Your spell library contained the following spells:

 Spells                   Type           Power      Damage    Failure   Level
 Necrotise                Necr           0%         1d4       58%         1
 Vampiric Draining        Necr           0%         2d6       92%         3
 Agony                    Necr           0%         N/A       100%        5


Dungeon Overview and Level Annotations

Branches:
Dungeon (4/15)
 Temple: D:4-7

Altars:

Annotations:
D:3 Terence


Innate Abilities, Weirdness & Mutations

You are completely covered in rugged brown scales. (AC +3, +7% HP)
Armour fits poorly on your strangely shaped body.
You have a long armoured tail.
You roll when moving toward enemies. (Rampage)
Your long tongue fully drains potion bottles. (2x potion effects)
Your tongue gives you trouble enunciating. (1.5x scroll delay)
Your tail ends in a venomous barb.
You are robust. (+10% HP)
Your muscles are very strong. (Str +8, Int/Dex -2)
You expend magic power (3 MP) to strengthen your wands.


Message History

You roll towards Terence!
You barely miss Terence.
Terence hits you with a +0 trident of flaming!
Terence burns you.
You hit Terence but do no damage. Terence barely misses you.
You barely miss Terence. Terence misses you.
Terence hits you with a +0 trident of flaming.
Terence burns you.
You hit Terence but do no damage.
Terence hits you with a +0 trident of flaming.
Terence burns you.
You hit Terence.
Terence is moderately wounded.
Terence shouts, "ATTACK!!!"
Terence barely misses you. Terence closely misses you.
Terence attacks as he pursues you!
Terence hits you from afar with a +0 trident of flaming.
Terence burns you.
Terence says, "Don't bother to defend, it's senseless."
Found 8 gold pieces.
Terence shouts, "ATTACK!!!"
Terence attacks as he pursues you!
Terence hits you from afar with a +0 trident of flaming.
Terence burns you. Terence attacks as he pursues you!
Terence hits you from afar with a +0 trident of flaming.
* * * LOW HITPOINT WARNING * * *
Terence burns you.
* * * LOW HITPOINT WARNING * * *
Terence attacks as he pursues you!
Terence hits you from afar with a +0 trident of flaming!
* * * LOW HITPOINT WARNING * * *
Terence burns you.
* * * LOW HITPOINT WARNING * * *
There is a stone staircase leading down here.
Terence shouts, "Now you die!"
Terence hits you from afar with a +0 trident of flaming.
* * * LOW HITPOINT WARNING * * *
Terence burns you.
You die...

.# #.###.................#
.###.##......##........).#
.........#...##.)........#
......####.####..........#
####.## #..# #..........##
#.# #.####...........#
####.####.##....@........#
.............##..........#
####)###.###....@........#
##.....#.###.............#
.#.....#................##
.......#..##...........##
##.......###..........##
.........###.##..######
####..####...##.##
#†....#.####.# #.###...#
#.#


You could see Terence.

Vanquished Creatures
  An orc wizard (D:3)
  3 adders
  3 worms
  4 orcs
  6 ball pythons
  8 endoplasms
  6 goblins
  2 hobgoblins (D:3)
  2 jackals (D:1)
  5 quokkas
  4 bats
  2 frilled lizards (D:2)
  9 kobolds
  2 rats
57 creatures vanquished.

Notes
Turn   | Place    | Note
-------+----------+-------------------------------------------
     0 | D:1      | olourkin the Armataur Fighter began the quest for the Orb.
     0 | D:1      | Reached XP level 1. HP: 19/19 MP: 1/1
   294 | D:1      | Reached XP level 2. HP: 19/26 MP: 2/2
  1056 | D:2      | Reached XP level 3. HP: 22/32 MP: 3/3
  1283 | D:2      | You fall into a shaft and drop 2 floors!
  1441 | D:4      | Gained mutation: You are strong-willed. (Will+) [potion of
                  | mutation]
  1441 | D:4      | Lost mutation: You are strong-willed. (Will+) [potion of
                  | mutation]
  1441 | D:4      | Gained mutation: Your muscles are strong. (Str +4, Int/Dex
                  | -1) [potion of mutation]
  1441 | D:4      | Gained mutation: Your muscles are very strong. (Str +8,
                  | Int/Dex -2) [potion of mutation]
  1441 | D:4      | Gained mutation: Your tail ends in a venomous barb. [potion
                  | of mutation]
  1441 | D:4      | Gained mutation: You expend magic power (3 MP) to
                  | strengthen your wands. [potion of mutation]
  1441 | D:4      | Gained mutation: You are robust. (+10% HP) [potion of
                  | mutation]
  1596 | D:3      | Reached XP level 4. HP: 43/43 MP: 4/4
  1875 | D:3      | Noticed Terence
  2808 | D:3      | Found a faded altar of an unknown god.
  3080 | D:3      | Slain by Terence

Illustrated notes

Levels and vault maps discovered:
D:1:      dpeg_arrival_arbitrary_b, layout_basic, serial_glass, glass_columns_b,
          glass_columns_a
D:2:      layout_loops_corners, minmay_crystal_water, kennysheep_flooded_box,
          chequers_serial_rivers_micro_c
D:3:      layout_rooms, shapermc_ecumenical_altar_totnotflames, uniq_terence
D:4:      layout_cave_pools, nicolae_ru_path_of_blood, minmay_temple_entry_grid

Skill      XL: |  1  2  3  4 |
---------------+-------------+-----
Long Blades    | 2 3 |  3.4
Armour         | 4 |  4.6
Shields        | 4 |  4.1
Fighting       | |  2.7

Action                     |  1- 3 |  4- 6 || total
---------------------------+-------+-------++-------
  Melee: Long sword        |   141 |    94 ||   235
         Tailslap          |    14 |     9 ||    23
  Throw: Javelin           |       |     3 ||     3
         Stone             |       |     2 ||     2
    Use: Potion            |     2 |       ||     2
 Armour: Scale mail        |   112 |       ||   112
         Ring mail         |       |    74 ||    74
  Dodge: Dodged            |    37 |    30 ||    67
  Block: Buckler           |    19 |    11 ||    30

Table legend: (Time is in decaauts)
 A = Elapsed time spent in this place.
 B = Non-inter-level travel time spent in this place.
 C = Inter-level travel time spent in this place.
 D = Time resting spent in this place.
 E = Time spent auto-exploring this place.
 F = Levels seen in this place.
 G = Mean time per level.
                   A        B        C        D        E       F      G
               +--------+--------+--------+--------+--------+-----+--------+
         Total |   3152 |   3056 |     96 |    726 |   1558 |   4 |  788.0 |
       Dungeon |   3152 |   3056 |     96 |    726 |   1558 |   4 |  788.0 |
               +--------+--------+--------+--------+--------+-----+--------+

Top non-repeatable levels by time:
     D:2: 1163 daAuts
     D:3: 939 daAuts
     D:1: 774 daAuts
     D:4: 275 daAuts
